AoeStats
← -GNG-OverHabit

African Clearing

510803909Analyzed
2v2 RM · 15h ago on Oct 2, 2026· 52m 35s· 4 players
Game mode
Random Map
Map size
Medium (4 player)
Population
200
Speed
Normal
Resources
Standard
Victory
Conquest
Starting age
Dark Age
Ending age
Imperial Age
RankedLock teamsTeams togetherTeam positionsShared explorationLock speedFull tech treeHidden civsTurbo modeCheats
Victory
Defeat
🇭🇰 Varangians · Hong Kong SAR China
1593
+11
🇨🇳 Magyars · China
1426
+19
🇺🇸 Persians · United States
1490
-15
🇺🇸 Varangians · United States
1476
-15
HaleDuck
9:58 Loom
12:05 Feudal Age
12:10 Man-at-Arms
13:37 Arson
19:04 Scale Mail Armor
23:39 Castle Age
23:13 Double-Bit Axe
23:11 Horse Collar
29:50 Fletching
37:29 Bodkin Arrow
SpaceWolf
3:46 Loom
12:36 Feudal Age
16:27 Castle Age
15:09 Fletching
15:21 Double-Bit Axe
19:52 Bodkin Arrow
21:34 Town Watch
23:46 Ballistics
27:00 Thumb Ring
27:30 Padded Archer Armor
30:11 Parthian Tactics
31:20 Wheelbarrow
31:24 Bloodlines
31:15 Husbandry
41:21 Leather Archer Armor
44:50 Hand Cart
45:44 Town Patrol
51:12 Imperial Age
51:10 Heavy Camel Rider
52:08 Scale Barding Armor
52:13 Forging
52:14 Heavy Cavalry Archer
喜足天
10:59 Feudal Age
9:15 Loom
11:36 Double-Bit Axe
11:47 Horse Collar
14:00 Scale Barding Armor
20:03 Wheelbarrow
20:39 Bloodlines
26:30 Castle Age
25:08 Gold Mining
27:32 Chain Barding Armor
27:28 Hand Cart
35:11 Husbandry
42:33 Light Cavalry
44:47 Bow Saw
49:37 Imperial Age
48:05 Fletching
49:38 Cavalier
51:12 Plate Barding Armor
-GNG-OverHabit
10:34 Loom
13:42 Feudal Age
15:48 Double-Bit Axe
21:20 Castle Age
22:26 Bow Saw
23:39 Scale Barding Armor
48:40 Forging
Connection lost

Rejoining the realm…

Still unreachable

The connection could not be restored.

Session expired

The server has moved on; the page needs a fresh start.